Map: Emerald City LE

Players

CrushOnMinT - Winner!

  • Race: Zerg Zerg
  • League: Master
  • Spawn Location: 5:00

Shiro - Winner!

  • Race: Terran Terran
  • Spawn Location: 5:00

Nitrato

  • Race: Protoss Protoss
  • League: Diamond
  • Spawn Location: 11:00

Sephinco

  • Race: Terran Terran
  • League: Silver
  • Spawn Location: 11:00

VOD

Have the link to the VOD?

Description

Time

  • Played on: May 2, 2020, 1:11 p.m.
  • Length: 8:49
Show
View Real Time Build Order
Export as new Build Order

CrushOnMinT Zerg - Winner!

Build Orders: Hatch First 

Get SALT Encoding   

  12  0:01  Drone  
  13  0:12  Overlord  
  13  0:17  Drone  
  14  0:30  Drone x2  
  14  0:34  Drone  
  17  0:53  Hatchery  
  17  0:54  Drone  
  17  0:58  Drone  
  18  1:08  Extractor  
  17  1:13  Spawning Pool  
  17  1:15  Drone  
  17  1:19  Drone  
  18  1:28  Drone  
  19  1:38  Overlord  
  19  1:50  Drone  
  20  1:59  Queen  
  20  2:01  Drone  
  23  2:06  Queen  
  23  2:07  Zergling x2  
  26  2:11  Zergling x2  
  26  2:13  Metabolic Boost  
  27  2:17  Drone  
  27  2:21  Drone  
  29  2:33  Hatchery  
  29  2:35  Drone  
  29  2:38  Drone  
  29  2:42  Drone  
  31  2:45  Drone  
  32  2:52  Queen  
  32  2:55  Drone  
  32  2:58  Drone  
  36  3:02  Overlord  
  36  3:17  Overlord  
  36  3:20  Queen, Spore Crawler  
  36  3:25  Spore Crawler  
  36  3:26  Drone  
  36  3:27  Drone  
  38  3:32  Queen  
  40  3:34  Drone  
  40  3:36  Drone  
  40  3:38  Drone  
  44  3:41  Drone  
  44  3:44  Drone  
  44  3:45  Drone  
  46  3:52  Evolution Chamber  
  46  3:53  Drone  
  46  3:54  Evolution Chamber  
  45  3:57  Drone  
  45  4:02  Zergling x4  
  46  4:03  Zergling x4  
  46  4:05  Zergling x2  
  49  4:10  Zergling x6  
  49  4:16  Spine Crawler  
  51  4:20  Zerg Melee Weapons Level 1  
  51  4:23  Zerg Ground Armor Level 1  
  51  4:28  Overlord  
  51  4:30  Overlord  
  49  4:32  Zergling x2  
  49  4:38  Zergling x2  
  51  4:39  Overlord  
  51  4:46  Queen  
  51  4:47  Queen  
  55  5:00  Zergling x2  
  55  5:03  Zergling x10  
  51  5:14  Drone x2  
  53  5:24  Hatchery  
  52  5:29  Zergling x4  
  52  5:35  Drone  
  55  5:37  Lair, Drone  
  56  5:47  Drone x2  
  58  5:57  Drone x2  
  58  6:00  Extractor  
  59  6:05  Extractor  
  59  6:07  Drone  
  59  6:08  Drone x3  
  59  6:11  Drone x4  
  66  6:20  Overlord  
  66  6:22  Overlord  
  66  6:33  Overlord, Extractor  
  66  6:34  Drone  
  66  6:35  Drone  
  66  6:36  Queen, Drone x2  
  66  6:38  Drone x2  
  73  6:42  Drone x2  
  73  6:45  Drone x2  
  77  6:49  Drone  
  78  6:54  Overlord  
  78  6:58  Drone x2  
  78  7:00  Hydralisk Den  
  79  7:08  Drone x4  
  80  7:10  Drone x2  
  80  7:11  Hatchery  
  80  7:15  Baneling Nest  
  83  7:16  Extractor x2  
  83  7:17  Overlord  
  83  7:21  Drone x2  
  83  7:23  Drone  
  83  7:24  Drone x2  
  86  7:30  Drone x2  
  86  7:32  Drone  
  86  7:36  Lurker Den  
  88  7:38  Drone  
  88  7:40  Infestation Pit  
  88  7:41  Drone  
  88  7:42  Drone x2  
  91  7:49  Drone x3  
  91  7:50  Overlord  
  91  7:51  Overlord, Zergling x2  
  94  7:54  Zergling x2  
  94  7:55  Zergling x4  
  94  7:58  Zergling x4  
  100  8:04  Overlord  
  100  8:06  Overlord  
  100  8:08  Drone  
  100  8:11  Drone x3  
  104  8:15  Drone  
  104  8:19  Drone x2  
  108  8:20  Drone x2  
  109  8:27  Zergling x10  
  109  8:32  Hydralisk Den  
  113  8:36  Hatchery  
Show
View Real Time Build Order
Export as new Build Order

Shiro Terran - Winner!

Build Orders: Reaper Expand 

Get SALT Encoding   

  12  0:00  SCV  
  13  0:13  SCV  
  14  0:17  Supply Depot  
  14  0:25  SCV  
  15  0:39  SCV, Barracks  
  16  0:44  Refinery  
  16  0:51  SCV  
  17  1:03  SCV  
  18  1:15  SCV  
  19  1:28  Reaper, Orbital Command  
  20  1:41  Command Center  
  20  1:53  Supply Depot  
  20  1:54  SCV  
  20  2:00  Marine  
  22  2:02  Refinery  
  22  2:06  SCV  
  23  2:16  Factory  
  23  2:19  SCV  
  23  2:22  Barracks Reactor  
  24  2:31  SCV  
  25  2:43  SCV  
  26  2:55  SCV  
  26  2:57  Orbital Command  
  26  2:59  Marine x2  
  26  3:01  Bunker  
  26  3:02  Starport  
  26  3:03  Factory Tech Lab  
  28  3:07  SCV  
  29  3:17  Marine x2  
  29  3:19  SCV  
  32  3:21  Siege Tank  
  32  3:23  SCV  
  36  3:28  Supply Depot  
  36  3:31  SCV  
  37  3:35  Marine x2  
  37  3:36  SCV  
  37  3:38  Starport Tech Lab  
  40  3:43  SCV  
  41  3:50  Supply Depot  
  41  3:54  Marine x2  
  41  3:55  SCV x2  
  44  3:57  Refinery  
  45  4:04  Raven  
  47  4:10  SCV  
  47  4:11  SCV  
  47  4:14  Supply Depot  
  49  4:17  Cyclone  
  52  4:29  SCV  
  52  4:30  SCV  
  54  4:33  Marine  
  54  4:34  Marine  
  54  4:37  Supply Depot  
  56  4:41  SCV  
  56  4:42  SCV  
  58  4:53  Barracks  
  58  4:54  SCV x2  
  58  4:55  Barracks  
  58  4:57  Engineering Bay  
  58  4:58  Starport Reactor  
  58  4:59  Factory Tech Lab, Supply Depot  
  60  5:06  SCV  
  61  5:09  SCV  
  62  5:18  SCV  
  63  5:21  SCV  
  63  5:22  Marine x2, Supply Depot  
  66  5:29  Refinery  
  66  5:30  SCV  
  66  5:33  Siege Tank  
  66  5:35  SCV, Supply Depot  
  70  5:41  Combat Shield, Terran Infantry Weapons Level 1  
  70  5:42  Stimpack, SCV  
  72  5:43  Medivac  
  72  5:44  Medivac, Supply Depot  
  72  5:48  SCV  
  77  5:51  Marine x2  
  77  5:52  Marauder x2  
  77  5:54  SCV  
  84  6:04  Supply Depot  
  84  6:06  Siege Tank  
  87  6:13  Marauder  
  87  6:14  Marauder, Supply Depot  
  91  6:20  Marine x2  
  93  6:26  Medivac  
  93  6:31  Supply Depot  
  95  6:35  Marauder, Medivac  
  95  6:38  Command Center  
  99  6:45  Barracks  
  99  6:48  Siege Tank  
  99  6:51  Marauder, Marine x2  
  106  6:55  Barracks  
  108  7:01  Marauder  
  108  7:13  Armory  
  108  7:14  Engineering Bay  
  108  7:17  Marine x2  
  108  7:18  Marauder  
  108  7:20  Medivac x2  
  118  7:23  Marauder  
  118  7:30  Siege Tank  
  118  7:32  Barracks Reactor  
  118  7:35  Marine x2  
  123  7:39  Marine  
  123  7:44  Marine, Supply Depot x2  
  125  7:47  Concussive Shells  
  125  7:50  Orbital Command  
  125  7:54  Barracks Reactor, Marine  
  125  7:55  Marine  
  125  7:57  Marine  
  128  8:01  Marine  
  128  8:02  Siege Tank  
Show
View Real Time Build Order
Export as new Build Order

Nitrato Protoss 

Build Orders: Blink Stalkers 

Get SALT Encoding   

  12  0:01  Probe  
  13  0:13  Probe  
  14  0:18  Pylon  
  14  0:25  Probe  
  15  0:37  Probe (Chrono Boost)  
  15  0:39  Gateway  
  16  0:49  Probe (Chrono Boost)  
  17  0:50  Assimilator  
  17  0:54  Probe (Chrono Boost)  
  18  1:03  Probe (Chrono Boost)  
  19  1:08  Assimilator  
  19  1:15  Probe (Chrono Boost)  
  20  1:26  Cybernetics Core  
  20  1:27  Probe  
  20  1:31  Pylon  
  21  1:39  Probe  
  22  1:43  Gateway  
  22  1:53  Gateway  
  22  2:03  Warp Gate  
  22  2:08  Gateway  
  22  2:16  Twilight Council  
  22  2:21  Stalker (Chrono Boost)  
  24  2:28  Probe  
  27  2:40  Stalker (Chrono Boost)  
  27  2:49  Stalker (Chrono Boost)  
  29  2:57  Pylon  
  29  3:02  Stalker  
  31  3:11  Blink (Chrono Boost)  
  31  3:15  Stalker  
  33  3:28  Pylon  
  33  3:53  Stalker x2  
  33  3:54  Stalker  
  33  3:55  Stalker  
  41  4:17  Pylon, Zealot x2  
  43  4:31  Stalker  
  43  4:32  Stalker  
  47  4:44  Pylon  
  47  4:46  Stalker  
  27  5:14  Stalker x3  
  24  5:45  Stalker, Nexus  
  24  6:09  Stargate  
  24  6:10  Stalker  
  26  6:23  Stalker  
  28  6:35  Stalker  
  28  6:38  Stalker  
  32  6:40  Stalker  
  34  6:56  Void Ray  
  34  7:00  Probe (Chrono Boost)  
  39  7:06  Probe (Chrono Boost)  
  40  7:10  Probe (Chrono Boost)  
  40  7:14  Probe (Chrono Boost)  
  42  7:17  Probe (Chrono Boost)  
  42  7:20  Probe (Chrono Boost)  
  44  7:26  Probe (Chrono Boost)  
  46  7:31  Probe (Chrono Boost)  
  46  7:38  Probe (Chrono Boost)  
  46  7:40  Void Ray  
  46  7:42  Probe (Chrono Boost)  
  52  7:44  Probe  
  53  7:56  Probe  
  54  7:59  Assimilator  
  54  8:03  Assimilator  
  54  8:06  Pylon  
  54  8:22  Pylon, Probe  
  39  8:38  Stalker x4  
Show
View Real Time Build Order
Export as new Build Order

Sephinco Terran 

Build Orders:  

Get SALT Encoding   

  12  0:01  SCV  
  13  0:13  SCV  
  14  0:18  Supply Depot  
  14  0:25  SCV  
  15  0:42  SCV, Barracks  
  16  0:55  SCV  
  17  0:58  Barracks  
  17  1:06  Barracks  
  17  1:09  SCV  
  18  1:24  SCV  
  19  1:28  Refinery  
  19  1:30  Marine, Supply Depot  
  20  1:40  SCV  
  21  1:47  Marine  
  21  1:53  SCV  
  23  1:55  Refinery  
  23  1:58  Supply Depot  
  23  2:01  Marine  
  24  2:10  Orbital Command  
  24  2:19  Barracks Reactor  
  24  2:21  Marine  
  25  2:23  Marine  
  26  2:49  Marine x2  
  28  3:07  Marine x2  
  28  3:10  SCV  
  31  3:22  SCV  
  31  3:23  Command Center  
  31  3:24  Marine  
  33  3:32  Marine  
  33  3:33  Supply Depot  
  34  3:34  Barracks Tech Lab, SCV  
  34  3:35  Marine  
  36  3:42  Marine  
  36  3:46  SCV  
  38  3:54  Marine x3  
  41  3:59  SCV  
  41  4:00  Marine  
  43  4:12  Marine x3  
  43  4:13  Supply Depot  
  46  4:18  Marine  
  47  4:29  Marine  
  47  4:34  Marine x2  
  47  4:36  Marine  
  50  4:40  SCV  
  50  4:41  Refinery  
  51  4:47  Marine  
  51  4:52  Engineering Bay, SCV, Marine x2  
  54  4:53  Marine  
  55  5:05  SCV  
  41  5:17  SCV  
  38  5:29  SCV  
  39  5:35  Factory  
  39  5:42  Combat Shield  
  39  5:45  Terran Infantry Weapons Level 1  
  39  5:46  SCV  
  40  5:58  SCV, Factory  
  40  6:01  Marine x3  
  40  6:02  Marine  
  45  6:10  SCV  
  46  6:19  Marine x4  
  46  6:22  SCV  
  46  6:24  Sensor Tower  
  51  6:29  Factory Tech Lab  
  51  6:32  Starport  
  51  6:37  Marine x4  
  55  6:41  Barracks  
  55  6:42  Orbital Command  
  55  6:55  Marine x4  
  55  6:59  Sensor Tower  
  59  7:04  Supply Depot  
  59  7:05  Siege Tank, Factory Tech Lab  
  62  7:12  Marine  
  62  7:13  Marauder, Marine x2  
  67  7:19  SCV  
  68  7:28  Siege Tank  
  70  7:31  SCV  
  70  7:35  Marauder  
  70  7:37  Siege Tank  
  76  7:43  SCV  
  77  7:55  SCV  
  78  8:03  Supply Depot  
  78  8:15  SCV  
  78  8:16  Marauder  
Tags
 
Add a new tag
Caveats
  • Supply blocks, unpowered buildings, or Contaminate may cause inaccurate times.
  • Supply counts are checked every 10 seconds.